 Dungeon Crawl Stone Soup version 0.31-a0-237-g2d982f9f85 (webtiles) character file.

Game seed: 4744505576419877691

147 qw the Shooter (level 5, -5/45 HPs)
             Began as a Minotaur Hexslinger on July 10, 2023.
             Was an Initiate of Okawaru.
             Slain by an orc warrior
             ... wielding a +0 halberd
              (13 damage)
             ... on level 4 of the Dungeon.
             The game lasted 00:00:49 (2616 turns).

qw the Shooter (Minotaur Hexslinger)                Turns: 2616, Time: 00:00:50

Health: -5/45      AC:  8    Str: 13    XL:     5   Next: 7%
Magic:  5/5        EV: 11    Int: 10    God:    Okawaru [......]
Gold:   100        SH:  0    Dex: 20    Spells: 5/6 levels left

rFire   + . .        Y - +1 sling
rCold   . . .        (no shield)
rNeg    . . .        g - +2 ring mail {rF+}
rPois   .            (helmet restricted)
rElec   .            b - +0 cloak
rCorr   .            (no gloves)
SInv    .            (no boots)
Will    +....        (no amulet)
Stlth   +            h - +6 ring of dexterity
HPRegen 0.27/turn    f - ring of willpower
MPRegen 0.09/turn

%: no passive effects
@: no status effects
A: horns 2, retaliatory headbutt
a: Renounce Religion


You were on level 4 of the Dungeon.
You worshipped Okawaru.
Okawaru was noncommittal.
You visited 2 branches of the dungeon, and saw 5 of its levels.

You collected 154 gold pieces.
You spent 54 gold pieces at shops.


Innate Abilities, Weirdness & Mutations

You have a pair of horns on your head.
You reflexively headbutt those who attack you in melee.


   Skills:
 - Level 3.0 Fighting
 + Level 5.0 Ranged Weapons
 - Level 1.0 Armour
 - Level 2.1 Dodging
 - Level 1.0 Spellcasting
 - Level 2.0 Hexes


You had 5 spell levels left.
You knew the following spells:

 Your Spells              Type           Power      Damage    Failure   Level
a - Slow                  Hex            16%        N/A       32%         1

Your spell library contained the following spells:

 Spells                   Type           Power      Damage    Failure   Level
 Inner Flame              Hex/Fire       2%         N/A       82%         3
 Portal Projectile        Hex/Tloc       4%         N/A       82%         3
 Cause Fear               Hex            2%         N/A       97%         4

Inventory:

Hand Weapons
 Y - a +1 sling (weapon)
Armour
 b - a +0 cloak (worn)
 g - a +2 ring mail of fire resistance (worn)
Jewellery
 f - a ring of willpower (right hand)
 h - a +6 ring of dexterity (left hand)
 m - a +6 ring of strength
Scrolls
 j - 4 scrolls of identify
Potions
 a - a potion of mutation
 i - 2 potions of haste {unknown}
 k - a potion of might {unknown}

Dungeon Overview and Level Annotations

Branches:
Dungeon (4/15)             Temple (1/1) D:4

Altars:
Ashenzari
Cheibriados
Dithmenos
Elyvilon
Fedhas
Gozag
Hepliaklqana
Kikubaaqudgha
Nemelex Xobeh
Okawaru
Qazlal
Ru
Sif Muna
Trog
Vehumet
Wu Jian
Xom
Yredelemnul
Zin

Shops:
D:2 ([=


Message History

The orc priest calls upon Beogh to heal the orc priest.
The orc priest's wounds heal themselves!
An orc wizard comes into view. It is wielding a +0 dagger.
The orc wizard shouts!
You shoot a sling bullet.
The sling bullet barely misses the orc priest.
The sling bullet hits the orc priest.
The orc priest is moderately wounded.
The orc priest calls upon Beogh to heal the orc priest.
The orc priest's wounds heal themselves!
The orc wizard gestures wildly while chanting.
The orc wizard flickers and vanishes!
Deactivating autopickup; reactivate with Ctrl-A.
The orc priest invokes the aid of Beogh against you.
You resist with some effort.
An orc comes into view. It is wielding a +0 short sword.
You shoot a sling bullet.
The sling bullet barely misses the orc warrior.
The sling bullet hits the orc priest.
The orc priest is severely wounded.
You shoot a sling bullet.
The sling bullet closely misses the orc warrior.
The sling bullet barely misses the orc priest.
The sling bullet hits the orc!
You kill the orc!
Okawaru accepts your kill.
The orc warrior hits you from afar with a +0 halberd!
An endoplasm comes into view.
You shoot a sling bullet.
The sling bullet closely misses the orc warrior.
The sling bullet barely misses the orc priest.
The orc warrior hits you from afar with a +0 halberd!
You shoot a sling bullet.
The sling bullet closely misses the orc warrior.
The sling bullet hits the orc priest.
The orc priest is almost dead.
The orc warrior hits you but does no damage.
The orc priest miscasts a cantrip.
The orc warrior hits you from afar with a +0 halberd!
You die...

. ...
....o############
.).Joo.@....)...#
.....####.#####)#
... #.......# .
#######.# #.#
#######.###
..........#
######....#
#....#


You could see an orc warrior, 2 orc priests and an endoplasm.

Vanquished Creatures
  2 orc priests (D:3)
  An iguana (D:4)
  A worm (D:2)
  A dart slug (D:3)
  4 orcs
  3 ball pythons
  4 bats
  An endoplasm (D:2)
  3 giant cockroaches
  2 goblins
  9 hobgoblins
  2 jackals (D:3)
  2 quokkas
  10 kobolds
  3 rats
48 creatures vanquished.

Notes
Turn   | Place    | Note
-------+----------+-------------------------------------------
     0 | D:1      | qw the Minotaur Hexslinger began the quest for the Orb.
     0 | D:1      | Reached XP level 1. HP: 16/16 MP: 1/1
     0 | D:1      | 0 ||| qw: Version: 0.3-a-52-g30416fa
     0 | D:1      | 0 ||| qw: Game counter: 5359
     0 | D:1      | 0 ||| qw: Melee chars always use a shield: true
     0 | D:1      | 0 ||| qw: God list: Okawaru
     0 | D:1      | 0 ||| qw: Allow faded altars: false
     0 | D:1      | 0 ||| qw: Do Orc after clearing Dungeon:15 true
     0 | D:1      | 0 ||| qw: Do second Lair branch before Depths: true
     0 | D:1      | 0 ||| qw: Lair rune preference: random
     0 | D:1      | 0 ||| qw: Goals: Normal
     0 | D:1      | 0 ||| PLANNING D:1-11
    94 | D:1      | Reached skill level 3 in Ranged Weapons
    94 | D:1      | Reached XP level 2. HP: 23/23 MP: 2/2
   139 | D:1      | Found a faded altar of an unknown god.
   588 | D:1      | 588 ||| UPGRADING to +2 ring mail of fire resistance.
   598 | D:1      | 598 ||| DROPPING +0 robe.
   599 | D:1      | 599 ||| UPGRADING to +6 ring of dexterity.
   600 | D:1      | 600 ||| UPGRADING to +6 ring of strength.
   601 | D:1      | 601 ||| READING scroll labelled OGASHR JUZXO.
   602 | D:1      | 602 ||| READING 2 scrolls labelled DAPPEU DUSCHANI.
   603 | D:1      | 603 ||| DROPPING scroll of poison.
   834 | D:2      | Found Ucrib Qop's Armour Boutique.
   837 | D:2      | Found Hyanozaa's Antique Weapon Emporium.
   841 | D:2      | 841 ||| BUYING +0 cloak (54 gold).
   841 | D:2      | Bought a +0 cloak for 54 gold pieces
   844 | D:2      | Reached XP level 3. HP: 29/29 MP: 3/3
   847 | D:2      | 847 ||| SHOPLISTING glowing orcbow (162 gold, have 8).
  1009 | D:2      | Found Doisetwi's Jewellery Shoppe.
  1027 | D:2      | 1027 ||| SHOPLISTING +4 ring of protection (432 gold, have
                  | 19).
  1027 | D:2      | 1027 ||| SHOPLISTING ring of Divine Compulsion {Fly Dex+5}
                  | (420 gold, have 19).
  1027 | D:2      | 1027 ||| SHOPLISTING ring of fire (300 gold, have 19).
  1027 | D:2      | 1027 ||| SHOPLISTING ring of protection from fire (300
                  | gold, have 19).
  1027 | D:2      | 1027 ||| SHOPLISTING ring of see invisible (180 gold, have
                  | 19).
  1388 | D:2      | 1388 ||| UPGRADING to +0 cloak.
  1531 | D:3      | Found a glowing silver altar of Zin.
  1539 | D:3      | Reached skill level 4 in Ranged Weapons
  1776 | D:3      | Reached skill level 1 in Armour
  2095 | D:3      | HP: 7/29 [goblin/+0 club (1)]
  2101 | D:3      | Reached XP level 4. HP: 9/36 MP: 4/4
  2103 | D:3      | Reached skill level 5 in Ranged Weapons
  2214 | D:3      | 2214 ||| UPGRADING to ring of willpower.
  2216 | D:3      | 2216 ||| READING scroll labelled GILORI LURAIWK.
  2217 | D:3      | 2217 ||| READING scroll labelled XOLOUFUACW.
  2218 | D:3      | 2218 ||| READING 5 scrolls of identify.
  2218 | D:3      | 2218 ||| IDENTIFYING sapphire potion
  2219 | D:3      | 2219 ||| READING 4 scrolls of identify.
  2219 | D:3      | 2219 ||| IDENTIFYING bubbling red potion
  2220 | D:3      | 2220 ||| READING 3 scrolls of identify.
  2220 | D:3      | 2220 ||| IDENTIFYING brown potion
  2221 | D:3      | 2221 ||| READING 2 scrolls of identify.
  2221 | D:3      | 2221 ||| IDENTIFYING murky purple potion
  2222 | D:3      | 2222 ||| DROPPING potion of attraction.
  2223 | D:3      | 2223 ||| DROPPING potion of brilliance.
  2224 | D:3      | 2224 ||| DROPPING potion of berserk rage.
  2270 | D:4      | Found a staircase to the Ecumenical Temple.
  2271 | D:4      | 2271 ||| PLANNING TEMPLE
  2283 | D:4      | Reached XP level 5. HP: 37/44 MP: 5/5
  2312 | Temple   | Entered the Ecumenical Temple
  2334 | Temple   | 2334 ||| PLANNING OKAWARU WORSHIP
  2511 | Temple   | Became a worshipper of Warmaster Okawaru
  2512 | Temple   | 2512 ||| PLANNING D:1-11
  2594 | D:4      | Reached skill level 3 in Fighting
  2609 | D:4      | Noticed an orc warrior
  2615 | D:4      | HP: 7/45 [orc warrior/+0 halberd (9)]
  2616 | D:4      | Slain by an orc warrior

Levels and vault maps discovered:
D:1:      ncdulo_wetmaze, layout_basic, ebering_ecumenical_altar_box
D:2:      layout_loops_ring, serial_shops, shop,
          nicolae_shop_tiny_statue_garden, shop_statue, columned_hall_lemuel
D:3:      layout_basic, mainiacjoe_overflow_small_starburst
D:4:      layout_loops_ring, minmay_temple_entry_crystal_x
Temple:   eino_narrow_crystal_temple

Skill      XL: |  1  2  3  4  5 |
---------------+----------------+-----
Ranged Weapons | 3 4 5 |  5.0
Fighting       | 2 3 |  3.0
Armour         | 1 |  1.0
Dodging        | |  2.1
Spellcasting   | |  1.0
Hexes          | |  2.0

Action                     |  1- 3 |  4- 6 || total
---------------------------+-------+-------++-------
   Fire: Sling             |   123 |    33 ||   156
    Use: Scroll            |     2 |     6 ||     8
 Armour: Robe              |     5 |       ||     5
         Ring mail         |     8 |     5 ||    13
  Dodge: Dodged            |    20 |     6 ||    26

Table legend:
 A = Non-vault XP
 B = Vault XP
 C = Vault XP percentage of total XP
 D = Non-vault monster count
 E = Vault monster count
 F = Vault count percentage of total count
                 A         B        C        D         E       F
            +---------+---------+-------+---------+---------+-------
      Total |     210 |       0 |   0.0 |      48 |       0 |   0.0
            +---------+---------+-------+---------+---------+-------
        D:1 |      25 |       0 |   0.0 |      14 |       0 |   0.0
        D:2 |      35 |       0 |   0.0 |      18 |       0 |   0.0
        D:3 |     103 |       0 |   0.0 |      11 |       0 |   0.0
        D:4 |      47 |       0 |   0.0 |       5 |       0 |   0.0
            +---------+---------+-------+---------+---------+-------
